 Dungeon Crawl Stone Soup version 0.26.1-10-gdfb7c7de75 (webtiles) character file.

Game seed: 3392305773794058411

43851 diana the Severer (level 13, -3/111 HPs)
             Began as a Demonspawn Berserker on Apr 11, 2021.
             Was a High Priest of Trog.
             Slain by a boulder beetle (7 damage)
             ... on level 5 of the Lair of Beasts.
             The game lasted 00:26:12 (23342 turns).

diana the Severer (Demonspawn Berserker)           Turns: 23342, Time: 00:26:13

Health: -3/111     AC: 10    Str: 21    XL:     13   Next: 93%
Magic:  16/22      EV: 19    Int:  9    God:    Trog [*****.]
Gold:   1661       SH:  0    Dex: 17    Spells: 12/12 levels left

rFire    + . .     SeeInvis .   P - +4 executioner's axe (vorpal)
rCold    + . .     Faith    .   (shield currently unavailable)
rNeg     . . .     Spirit   .   N - +5 robe "Olathrewk" {Rampage rPois rC- Dex+3}
rPois    +         Reflect  .   B - +0 helmet
rElec    .         Harm     .   Z - scarf {rC+ rF+}
rCorr    .         Rampage  +   (no gloves)
Will     .....                  (boots unavailable)
Stlth    +.........             (no amulet)
HPRegen  0.28/turn              d - ring of magical power
MPRegen  0.18/turn              Y - +4 ring of evasion

@: lethally poisoned (-3 -> -20), marked
A: hooves 3, icy blue scales 1, cold resistance 1, demonic guardian 2, spiny 1
a: Renounce Religion, Berserk, Trog's Hand, Brothers in Arms


You were on level 5 of the Lair of Beasts.
You worshipped Trog.
Trog was extremely pleased with you.
You visited 2 branches of the dungeon, and saw 17 of its levels.

You collected 1661 gold pieces.

Inventory:

Hand Weapons
 P - a +4 vorpal executioner's axe (weapon)
 R - a +5 broad axe of flaming
Armour
 i - a +2 leather armour of fire resistance
 s - a +2 ring mail of fire resistance
 B - a +0 helmet (worn)
 N - the +5 robe "Olathrewk" (worn) {Rampage rPois rC- Dex+3}
   (You found it on level 10 of the Dungeon)

   It affects your dexterity (+3).
   It makes you vulnerable to cold.
   It protects you from poison.
   It bestows one free step when moving towards enemies.
 Z - a scarf of resistance (worn)
Jewellery
 d - a ring of magical power (left hand)
 f - an uncursed amulet of guardian spirit
 k - an uncursed amulet of reflection
 Y - a +4 ring of evasion (right hand)
Wands
 a - a wand of paralysis (16)
 u - a wand of polymorph (7)
 y - a wand of random effects (22)
 G - a wand of digging (6)
 I - a wand of disintegration (17)
 J - a wand of enslavement (10)
 L - a wand of iceblast (9)
 S - a wand of acid (29)
 U - a wand of flame (18)
Scrolls
 c - 3 scrolls of fog
 e - 6 scrolls of remove curse
 g - a scroll of acquirement {unknown}
 h - 3 scrolls of blinking {unknown}
 j - 3 scrolls of enchant weapon {unknown}
 n - 4 scrolls of amnesia
 o - 3 scrolls of noise {unknown}
 q - 4 scrolls of enchant armour {unknown}
 x - 3 scrolls of teleportation
 z - 2 scrolls of fear {unknown}
 A - 2 scrolls of random uselessness {unknown}
 F - 9 scrolls of identify
 K - 3 scrolls of vulnerability {unknown}
 O - 3 scrolls of magic mapping {unknown}
 Q - 3 scrolls of immolation {unknown}
 T - a scroll of torment {unknown}
 V - a scroll of summoning {unknown}
 W - a scroll of holy word {unknown}
Potions
 b - 3 potions of curing {unknown}
 l - 4 potions of might
 m - 4 potions of flight
 p - 3 potions of magic {unknown}
 r - 4 potions of mutation
 t - 4 potions of attraction {unknown}
 v - 3 potions of lignification {unknown}
 C - a potion of degeneration {unknown}
 D - a potion of cancellation {unknown}
 E - a potion of berserk rage {unknown}
 H - 3 potions of invisibility {unknown}
 M - 4 potions of heal wounds
 X - a potion of brilliance {unknown}


   Skills:
 - Level 13.1 Fighting
 + Level 16.7 Axes
 * Level 6.4 Armour
 + Level 4.6 Dodging


You had 12 spell levels left.
You didn't know any spells.
Your spell library was empty.

Dungeon Overview and Level Annotations

Branches:
Dungeon (12/15)            Temple (0/1) D:6            Lair (5/6) D:10
  Swamp (0/4) Lair:4       Spider (0/4) Lair:3          Orc (0/2) D:12
  Slime: Lair:5-6

Altars:
Ashenzari
Cheibriados
Dithmenos
Gozag
Kikubaaqudgha
Nemelex Xobeh
Okawaru
Vehumet
Xom
Zin
The Shining One
Jiyva

Annotations:
D:12 3 runed translucent doors, Sassenached's ghost, journeyman DsWn
Lair:5 Nessos


Innate Abilities, Weirdness & Mutations

You have hooves in place of feet.
You are partially covered in icy blue scales. (AC +2)
Your flesh is cold resistant. (rC+)
A demonic guardian rushes to your aid.
You are partially covered in sharp spines.


Message History

The yak is engulfed in a cloud of scalding steam.
You continue taking off your amulet of guardian spirit.
You feel sick.
Your smoke demon disappears in a puff of smoke!
Nessos blinks!
You finish taking off your amulet of guardian spirit.
Unknown command.
Unknown command.
Unknown command.
You feel sick.
Nessos shoots an arrow.
The arrow hits you!!
* * * LOW HITPOINT WARNING * * *
The arrow burns you.
* * * LOW HITPOINT WARNING * * *
Nessos shoots an arrow.
The arrow barely misses you.
The arrow hits the black mamba!!
The arrow burns the black mamba.
The black mamba looks as sick as possible!
The black mamba bites you!
* * * LOW HITPOINT WARNING * * *
The boulder beetle bites you!
You die...

#....... ###.$.....
#........# #........#
# #..c....## ..
#.(.....P#
P..####P.......#
.........÷(....#
.........†@YYY§#PP#.
........÷.SB..Y.....
........÷..÷........
...#.#+.#............
# ....#F..........
..(....##.........
#..###.#............
#. ..#..##..#..## .
....... ..####


You could see a boulder beetle, Nessos (fast), a black mamba (extremely
poisoned), 4 yaks and a cane toad.

Vanquished Creatures
  Fannar (Lair:1)
  Harold (D:10)
  A hydra (Lair:5)
  A catoblepas (Lair:3)
  2 death yaks (Lair:3)
  A two-headed ogre (D:12)
  An unseen horror (D:11)
  Pikel (D:4)
  A bog body (Lair:4)
  2 deep elf magi (D:12)
  A cyclops (D:11)
  4 black mambas
  Maurice (D:9)
  7 elephants
  Psyche (D:9)
  Joseph (D:9)
  3 torpor snails (Lair:2)
  A centaur skeleton (D:12)
  7 cane toads
  2 rime drakes (Lair:4)
  2 kobold demonologists (D:12)
  5 komodo dragons
  3 trolls
  A jumping spider (Lair:3)
  5 slime creatures (D:12)
  3 dream sheep (Lair:4)
  14 blink frogs
  2 meliai zombies (D:12)
  A spectral meliai (D:12)
  A redback (D:9)
  A wraith (D:11)
  21 yaks
  3 wyverns
  4 basilisks
  A vampire mosquito (D:9)
  3 wargs (D:10)
  A soldier ant (D:10)
  14 water moccasins
  3 orc warriors
  3 ice beasts
  5 sky beasts
  4 black bears
  6 ogres
  2 centaurs (D:10)
  A phantom (D:8)
  7 wolves
  Blork the orc (D:4)
  A big kobold (D:9)
  A gnoll sergeant (D:9)
  15 bullfrogs
  A wyvern zombie (D:12)
  2 scorpions
  A wyvern skeleton (D:9)
  11 killer bees
  An electric eel (D:8)
  10 wights
  4 howler monkeys
  2 centaur zombies (D:12)
  3 hounds
  10 jellies
  9 orc priests
  4 bullfrog skeletons
  5 iguanas
  10 orc wizards
  9 worker ants
  2 hound zombies
  A hound skeleton (D:10)
  2 worker ant zombies
  6 gnolls
  12 adders
  4 shadow imps
  5 white imps
  2 ufetubi
  2 oozes (D:1)
  3 adder skeletons
  2 adder zombies
  5 worms
  2 leopard geckos
  38 orcs
  2 ball pythons
  6 bats
  6 giant cockroaches
  9 hobgoblins
  2 jackals (D:3)
  16 kobolds
  4 quokkas
  4 frilled lizards
  5 goblins
  A jackal skeleton (D:8)
  6 rats
403 creatures vanquished.

Vanquished Creatures (collateral kills)
  4 hydras
  2 boulder beetles
  A centaur warrior (D:9)
  3 death yaks (Lair:3)
  2 ugly things (D:12)
  5 elephants
  A black mamba (Lair:3)
  A gargoyle (D:10)
  A komodo dragon (Lair:5)
  6 blink frogs
  2 dream sheep (Lair:4)
  A wraith (D:12)
  A basilisk (Lair:2)
  13 yaks
  A water moccasin (D:9)
  An ice beast (D:12)
  A bullfrog (D:9)
  2 killer bees (D:10)
  An electric eel (Lair:2)
  An orc wizard (D:5)
  A worker ant (D:9)
  A killer bee zombie (D:9)
  2 orcs
54 creatures vanquished.

Vanquished Creatures (others)
  An orc wizard (D:12)
  15 fungi
  21 plants
37 creatures vanquished.

Grand Total: 494 creatures vanquished

Notes
Turn   | Place    | Note
-------+----------+-------------------------------------------
     0 | D:1      | diana the Demonspawn Berserker began the quest for the Orb.
     0 | D:1      | Reached XP level 1. HP: 18/18 MP: 1/1
   272 | D:1      | Reached skill level 3 in Axes
   351 | D:1      | Gained mutation: You have large cloven feet. [demonic
                  | ancestry]
   351 | D:1      | Reached XP level 2. HP: 13/24 MP: 2/2
  1115 | D:2      | Reached XP level 3. HP: 28/29 MP: 3/3
  1287 | D:2      | Found a broken altar of Ashenzari.
  1291 | D:2      | Saw a vision of the Swamp and the Spider Nest.
  1291 | D:2      | Noticed a goliath frog
  1291 | D:2      | Noticed a redback
  1291 | D:2      | Noticed a wolf spider
  1291 | D:2      | Noticed a scorpion
  1291 | D:2      | Noticed a wolf spider
  1291 | D:2      | Noticed a goliath frog
  1293 | D:2      | Noticed a wolf spider
  1293 | D:2      | Noticed a scorpion
  1471 | D:2      | Found a shadowy altar of Dithmenos.
  1701 | D:3      | Reached ** piety under Trog
  1767 | D:3      | Reached skill level 4 in Axes
  1870 | D:3      | Gained mutation: A weak demonic guardian rushes to your
                  | aid. [demonic ancestry]
  1870 | D:3      | Reached XP level 4. HP: 34/37 MP: 4/4
  2145 | D:3      | HP: 1/37 [gnoll (4)]
  2311 | D:3      | You fall into a shaft and drop 2 floors!
  2311 | D:5      | Entered Level 5 of the Dungeon
  2312 | D:5      | Noticed a sky beast
  2325 | D:5      | Killed a sky beast
  2326 | D:5      | Gained mutation: You have hoof-like feet. [demonic
                  | ancestry]
  2326 | D:5      | Reached XP level 5. HP: 42/42 MP: 5/5
  2453 | D:4      | Noticed Blork the orc
  2465 | D:4      | Killed Blork the orc
  2466 | D:4      | Reached skill level 5 in Axes
  2564 | D:3      | Reached XP level 6. HP: 49/49 MP: 6/6
  2660 | D:3      | Found an opulent altar of Gozag.
  2897 | D:3      | Reached *** piety under Trog
  3654 | D:4      | Reached skill level 5 in Fighting
  3654 | D:4      | Reached skill level 6 in Axes
  3878 | D:5      | Found an iron altar of Okawaru.
  4104 | D:5      | Found a glowing silver altar of Zin.
  4147 | D:5      | Gained mutation: You are partially covered in sharp spines.
                  | [demonic ancestry]
  4147 | D:5      | Reached XP level 7. HP: 50/56 MP: 7/7
  4741 | D:5      | Found a sparkling altar of Nemelex Xobeh.
  5165 | D:4      | Reached skill level 7 in Axes
  5235 | D:4      | Noticed Pikel
  5245 | D:4      | Killed Pikel
  5246 | D:4      | Reached skill level 8 in Axes
  5246 | D:4      | Gained mutation: A demonic guardian rushes to your aid.
                  | [demonic ancestry]
  5246 | D:4      | Reached XP level 8. HP: 47/65 MP: 8/8
  5428 | D:4      | Reached **** piety under Trog
  5759 | D:6      | Found an ancient bone altar of Kikubaaqudgha.
  5955 | D:6      | Found a staircase to the Ecumenical Temple.
  6487 | D:6      | Found a glowing golden altar of the Shining One.
  7020 | D:7      | Reached skill level 9 in Axes
  7587 | D:7      | Gained mutation: You have hooves in place of feet. [demonic
                  | ancestry]
  7587 | D:7      | Reached XP level 9. HP: 52/72 MP: 9/9
  7736 | D:7      | Found a radiant altar of Vehumet.
  8716 | D:8      | Reached skill level 10 in Axes
  9710 | D:8      | Reached ***** piety under Trog
  9983 | D:9      | Noticed Psyche
  9996 | D:9      | Killed Psyche
  9997 | D:9      | Reached skill level 11 in Axes
 10070 | D:9      | Noticed Maurice
 10186 | D:9      | Reached XP level 10. HP: 82/82 MP: 10/10
 10192 | D:9      | Noticed a centaur warrior
 10196 | D:9      | Received a gift from Trog
 10199 | D:9      | Killed a centaur warrior
 10779 | D:9      | Noticed Joseph
 10789 | D:9      | Killed Joseph
 11451 | D:9      | Reached skill level 12 in Axes
 12406 | D:9      | Killed Maurice
 12459 | D:10     | Entered Level 10 of the Dungeon
 12523 | D:10     | Reached skill level 10 in Fighting
 12551 | D:10     | Got a steaming robe
 12566 | D:10     | Identified the +5 robe "Olathrewk" {Rampage rPois rC-
                  | Dex+3} (You found it on level 10 of the Dungeon)
 12806 | D:10     | Found an iron altar of Okawaru.
 12905 | D:10     | Found a staircase to the Lair.
 13001 | D:10     | Gained mutation: Your flesh is cold resistant. (rC+)
                  | [demonic ancestry]
 13001 | D:10     | Reached XP level 11. HP: 91/91 MP: 6/11
 13040 | D:10     | Noticed a four-headed hydra
 13049 | D:10     | Killed a four-headed hydra
 13071 | D:10     | Reached skill level 13 in Axes
 13385 | D:10     | Found a shimmering altar of Xom.
 13391 | D:10     | Noticed Harold
 13400 | D:10     | Killed Harold
 13400 | D:10     | Received a gift from Trog
 14043 | D:11     | Killed an unseen horror
 14607 | D:11     | You fall into a shaft and drop 1 floor!
 14623 | D:12     | Noticed a sixfirhy
 14625 | D:12     | Noticed a sun demon
 15051 | D:12     | Noticed an eight-headed hydra
 15059 | D:12     | Killed a nine-headed hydra
 15060 | D:12     | Reached skill level 14 in Axes
 15286 | D:12     | Noticed a two-headed ogre
 15291 | D:12     | Killed a two-headed ogre
 15478 | D:12     | Found a runed translucent gate.
 15478 | D:12     | Found a runed translucent gate.
 15478 | D:12     | Found a runed translucent gate.
 15480 | D:12     | Noticed Sassenached's ghost (journeyman DsWn)
 15480 | D:12     | Noticed a boulder beetle
 15480 | D:12     | Noticed a deep elf mage
 15488 | D:12     | Killed a boulder beetle
 15491 | D:12     | Killed a deep elf mage
 15909 | D:12     | Reached XP level 12. HP: 100/100 MP: 12/12
 15911 | D:12     | Found a viscous altar of Jiyva.
 16263 | D:12     | Found a staircase to the Orcish Mines.
 16266 | D:12     | Received a gift from Trog
 16935 | Lair:1   | Entered Level 1 of the Lair of Beasts
 17139 | Lair:1   | Reached skill level 15 in Axes
 17218 | Lair:1   | Noticed Fannar
 17237 | Lair:1   | Killed Fannar
 18099 | Lair:2   | Found a snail-covered altar of Cheibriados.
 18204 | Lair:2   | Noticed a five-headed hydra
 18211 | Lair:2   | Killed a three-headed hydra
 18570 | Lair:2   | Noticed a boulder beetle
 18583 | Lair:2   | Killed a boulder beetle
 19588 | Lair:3   | Noticed a catoblepas
 19596 | Lair:3   | Killed a catoblepas
 19745 | Lair:3   | Gained mutation: You are partially covered in icy blue
                  | scales. (AC +2) [demonic ancestry]
 19745 | Lair:3   | Reached XP level 13. HP: 96/109 MP: 13/13
 19797 | Lair:3   | Found a hole to the Spider Nest.
 19886 | Lair:3   | Reached skill level 16 in Axes
 20644 | Lair:3   | Found a shadowy altar of Dithmenos.
 22308 | Lair:4   | Found a staircase to the Swamp.
 22314 | Lair:4   | Reached skill level 5 in Armour
 23332 | Lair:5   | Noticed Nessos
 23342 | Lair:5   | HP: 4/111 [black mamba (13)]
 23342 | Lair:5   | Slain by a boulder beetle

Illustrated notes

Levels and vault maps discovered:
D:1:      minmay_arrival_wavy_path, layout_basic, minmay_tromino_v4_c
D:2:      layout_rooms, nicolae_dithmenos_through_a_glass_darkly,
          grunt_ashenzari_visionary [grunt_ashenzari_visionary_swamp,
          grunt_ashenzari_visionary_spider]
D:3:      layout_loops_ring, overflow_temple_1_default, serial_forest,
          infiniplex_forest_end_1, infiniplex_forest_straight_2,
          infiniplex_forest_end_1, infiniplex_forest_lined_3_way,
          infiniplex_forest_diagonal, infiniplex_forest_corner_1,
          infiniplex_forest_straight_2, infiniplex_forest_lined_2,
          infiniplex_forest_straight_2, kennysheep_generic_room_13
D:4:      layout_layer_cave, minmay_checkerbox, uniq_blork_the_orc, uniq_pikel
D:5:      layout_rooms, lemuel_round_altar, gammafunk_temple_overflow_statue
D:6:      layout_layer_cave, tso_metal_star, overflow_temple_1_default,
          minmay_temple_entry_slanted, kennysheep_doodads
D:7:      minmay_inner_zag, layout_basic, kennysheep_mini_moat,
          lemuel_another_geyser
D:8:      layout_loops_corners, amcnicky_mini_pool_medium
D:9:      nzn_winding_woodlands_small [nzn_winding_woodlands_5x15_default,
          nzn_winding_woodlands_center_lodge,
          nzn_winding_woodlands_5x15_longhouse], layout_basic, nicolae_sextant,
          dk_noncrumbling_4, uniq_psyche, uniq_joseph, uniq_maurice
D:10:     layout_roguey, erik_lair_orcish_takeover, basic_altar,
          xom_teletrap_fun, uniq_harold
D:11:     layout_cave_pods
D:12:     layout_roguey, orc_0_dummy, gammafunk_ghost_ooze,
          hangedman_weighted_door
Lair:1:   layout_misc_corridors, infiniplex_staircase_pool, uniq_fannar
Lair:2:   layout_cave_pods, kennysheep_snail_temple, serial_bayou_shore_a
Lair:3:   layout_chaotic_city, spider_nest_entry_rubble, serial_rivers,
          chequers_serial_rivers_room_b, chequers_serial_rivers_small_3,
          chequers_serial_rivers_large_b, chequers_serial_rivers_micro_e,
          basic_altar
Lair:4:   layout_hall_layers, skrybe_swamp_entry_bodies, grunt_megastairs_4
Lair:5:   layout_big_grid, nzn_masters_of_martial_movement, grunt_megastairs_2,
          uniq_nessos

Skill      XL: |  1  2  3  4  5  6  7  8  9 10 11 12 13 |
---------------+----------------------------------------+-----
Axes           | 3 4 5 6 8 9 11 12 14 15 16 | 16.7
Fighting       | 4 5 6 7 8 10 11 12 13 | 13.1
Armour         | 6 |  6.4
Dodging        | 4 |  4.6

Action                   |  1- 3 |  4- 6 |  7- 9 | 10-12 | 13-15 || total
-------------------------+-------+-------+-------+-------+-------++-------
Melee: Hand axe          |    83 |    74 |       |       |       ||   157
       Kick              |    14 |    13 |    42 |    99 |    53 ||   221
       War axe           |       |   100 |   235 |     1 |       ||   336
       Unarmed           |       |       |    23 |       |       ||    23
       Battleaxe         |       |       |       |   150 |       ||   150
       Executioner's axe |       |       |       |   190 |   130 ||   320
       Broad axe         |       |       |       |    36 |     5 ||    41
Invok: Berserk           |       |     3 |       |     3 |     1 ||     7
       Trog's Hand       |       |       |       |     3 |       ||     3
Evoke: Wand              |       |       |     2 |     3 |       ||     5
  Use: Potion            |       |     1 |       |     1 |       ||     2
       Scroll            |       |       |     5 |     5 |     1 ||    11
 Stab: Distracted        |       |       |     2 |     2 |     2 ||     6
       Sleeping          |       |       |     1 |     1 |       ||     2
Armor: Leather armour    |    14 |    76 |    68 |    12 |       ||   170
       Animal skin       |     2 |       |       |       |       ||     2
       Robe              |       |       |       |    85 |    43 ||   128
Dodge: Dodged            |    56 |   119 |   118 |   241 |   112 ||   646
Block: Other             |       |       |       |    10 |       ||    10
